| TOP OF THE 1ST |
|
Cincinnati (NYP) Reds batting - Pitching for Batavia Muckdogs : RHP James Bitner
|
|
Pitching: RHP James Bitner
|
|
|
Batting: SHB Bryan Johnston
|
0-0: Ball 1-0: Called Strike 1-1: Called Strike 1-2: Ball 2-2: DOUBLE (Groundball, 3L, EV 108.1 MPH)
|
|
Batting: RHB Klaas Meij
|
0-0: Ball 1-0: Called Strike 1-1: Ball 2-1: Ball 3-1: Base on Balls
|
|
Batting: LHB David Moore
|
0-0: Ball 1-0: Called Strike 1-1: Ball 2-1: Called Strike 2-2: Strikes out swinging
|
|
Batting: RHB Ricky Carbajal
|
0-0: Ball Bryan Johnston steals 3rd base (no throw) 1-0: Called Strike Klaas Meij steals 2nd base 1-1: Ball 2-1: Ball 3-1: Base on Balls
|
|
Batting: LHB Shigeru Ono
|
0-0: Called Strike 0-1: GRAND SLAM HOME RUN (Flyball, 9LD, EV 93.8 MPH), Distance : 359 ft
|
|
Batting: RHB Jamie Ingram
|
0-0: Swinging Strike 0-1: Swinging Strike 0-2: Ground out 4-3 (Groundball, 4, EV 86.3 MPH)
|
|
Batting: LHB Fernando Gomez
|
0-0: Ball 1-0: Called Strike 1-1: Ball 2-1: Called Strike 2-2: Strikes out swinging
|
| Top of the 1st over - 4 runs, 2 hits, 0 errors, 0 left on base; Cincinnati (NYP) 4 - Batavia 0 |
| BOTTOM OF THE 1ST |
|
Batavia Muckdogs batting - Pitching for Cincinnati (NYP) Reds : RHP Matt Johnson
|
|
Pitching: RHP Matt Johnson
|
|
|
Batting: RHB Calvin Morin
|
0-0: Ball 1-0: Foul Ball, location: 2F 1-1: Swinging Strike 1-2: Strikes out swinging
|
|
Batting: LHB David Doge
|
0-0: Called Strike 0-1: Fly out, F7 (Flyball, 7, EV 89.4 MPH)
|
|
Batting: RHB Jim Fisher
|
0-0: Foul Ball, location: 2F 0-1: Foul Ball, location: 2F 0-2: Ground out 4-3 (Groundball, 4, EV 86.3 MPH)
|
| Bottom of the 1st over - 0 runs, 0 hits, 0 errors, 0 left on base; Cincinnati (NYP) 4 - Batavia 0 |
| TOP OF THE 2ND |
|
Cincinnati (NYP) Reds batting - Pitching for Batavia Muckdogs : RHP James Bitner
|
|
Batting: SHB Jason Kirby
|
0-0: Foul Ball, location: 2F 0-1: Swinging Strike 0-2: Strikes out swinging
|
|
Batting: RHB Cyd Carver
|
0-0: Foul Ball, location: 2F 0-1: Ball 1-1: Ball 2-1: Foul Ball, location: 2F 2-2: Ball 3-2: Base on Balls
|
|
Batting: SHB Bryan Johnston
|
0-0: Ball Cyd Carver steals 2nd base 1-0: Foul Ball, location: 2F 1-1: Swinging Strike 1-2: Foul Ball, location: 2F 1-2: Ball 2-2: Ball 3-2: Ground out 4-3 (Groundball, 4MS, EV 65.6 MPH) Cyd Carver to third
|
|
Batting: RHB Klaas Meij
|
0-0: Swinging Strike 0-1: Ball Wild Pitch! Cyd Carver scores 1-1: Ball 2-1: SINGLE (Line Drive, 6MD, EV 96.3 MPH)
|
|
Batting: LHB David Moore
|
0-0: Ball 1-0: Ball 2-0: Ball Wild Pitch! Klaas Meij to second 3-0: Called Strike 3-1: Foul Ball, location: 2F 3-2: Base on Balls
|
|
Batting: RHB Ricky Carbajal
|
0-0: Ball Wild Pitch! Klaas Meij to third David Moore to second 1-0: Foul Ball, location: 2F 1-1: Ball 2-1: Foul Ball, location: 2F 2-2: Ball 3-2: Foul Ball, location: 2F 3-2: Strikes out swinging
|
| Top of the 2nd over - 1 run, 1 hit, 0 errors, 2 left on base; Cincinnati (NYP) 5 - Batavia 0 |
| BOTTOM OF THE 2ND |
|
Batavia Muckdogs batting - Pitching for Cincinnati (NYP) Reds : RHP Matt Johnson
|
|
Batting: RHB Len Graham
|
0-0: Ball 1-0: Ball 2-0: Foul Ball, location: 2F 2-1: SINGLE (Groundball, 13, EV 80.0 MPH) (infield hit)
|
|
Batting: LHB Ryan Thompson
|
0-0: Ball 1-0: Called Strike Len Graham steals 2nd base 1-1: SINGLE (Groundball, 34, EV 99.4 MPH) Len Graham to third Runner from 3rd tries for Home, SAFE, throw by RF to home Ryan Thompson to second
|
|
Batting: RHB Nate Crofts
|
0-0: Ball 1-0: SINGLE (Groundball, 56, EV 108.1 MPH) (infield hit) Ryan Thompson to third
|
|
Batting: RHB Hiromitsu Yamada
|
0-0: Fly out, F6 (Popup, 6, EV 58.8 MPH)
|
|
Batting: RHB Jeremy Dennis
|
0-0: Ball 1-0: Called Strike 1-1: Called Strike 1-2: Foul Ball, location: 2F 1-2: Ball 2-2: Foul Ball, location: 2F 2-2: Strikes out swinging
|
|
Batting: RHB Jose Trevino
|
0-0: Foul Ball, location: 2F 0-1: Foul Ball, location: 2F 0-2: Strikes out swinging
|
| Bottom of the 2nd over - 1 run, 3 hits, 0 errors, 2 left on base; Cincinnati (NYP) 5 - Batavia 1 |
| TOP OF THE 3RD |
|
Cincinnati (NYP) Reds batting - Pitching for Batavia Muckdogs : RHP James Bitner
|
|
Batting: LHB Shigeru Ono
|
0-0: Called Strike 0-1: Fly out, F8 (Flyball, 8LM, EV 96.3 MPH)
|
|
Batting: RHB Jamie Ingram
|
0-0: Ball 1-0: Called Strike 1-1: Ball 2-1: Swinging Strike 2-2: Foul Ball, location: 2F 2-2: Foul Ball, location: 2F 2-2: DOUBLE (Line Drive, 89M, EV 108.8 MPH)
|
|
Batting: LHB Fernando Gomez
|
0-0: Ball 1-0: Foul Ball, location: 2F 1-1: Swinging Strike 1-2: Strikes out swinging
|
|
Batting: SHB Jason Kirby
|
0-0: Ball 1-0: Foul Ball, location: 2F 1-1: Foul Ball, location: 2F 1-2: Ball 2-2: Ball 3-2: Ground out 1-3 (Groundball, 23, EV 66.9 MPH)
|
| Top of the 3rd over - 0 runs, 1 hit, 0 errors, 1 left on base; Cincinnati (NYP) 5 - Batavia 1 |
| BOTTOM OF THE 3RD |
|
Batavia Muckdogs batting - Pitching for Cincinnati (NYP) Reds : RHP Matt Johnson
|
|
Batting: RHB Calvin Morin
|
0-0: SINGLE (Groundball, 6M, EV 101.3 MPH)
|
|
Batting: LHB David Doge
|
0-0: Ball Calvin Morin is caught stealing 2nd base 2-6 1-0: Ball 2-0: SINGLE (Line Drive, 78M, EV 94.4 MPH)
|
|
Batting: RHB Jim Fisher
|
0-0: Ball David Doge steals 2nd base 1-0: Foul Ball, location: 2F 1-1: Ball 2-1: Swinging Strike 2-2: Foul Ball, location: 2F 2-2: Ball 3-2: Base on Balls
|
|
Batting: RHB Len Graham
|
0-0: Called Strike David Doge steals 3rd base 0-1: Fielders Choice at 2nd, 6-4 (Groundball, 6, EV 99.4 MPH) David Doge scores
|
|
Batting: LHB Ryan Thompson
|
0-0: Ball 1-0: Ball 2-0: Ball 3-0: Called Strike 3-1: Called Strike 3-2: Base on Balls Len Graham to second
|
|
Batting: RHB Nate Crofts
|
0-0: Ball 1-0: Swinging Strike 1-1: Ball 2-1: DOUBLE (Line Drive, 78D, EV 108.1 MPH) Len Graham scores Ryan Thompson to third Runner from 3rd tries for Home, SAFE, no throw by CF
|
|
Batting: RHB Hiromitsu Yamada
|
0-0: Ball 1-0: Foul Ball, location: 2F 1-1: Ground out 6-3 (Groundball, 6, EV 91.9 MPH)
|
| Bottom of the 3rd over - 3 runs, 3 hits, 0 errors, 1 left on base; Cincinnati (NYP) 5 - Batavia 4 |
| TOP OF THE 4TH |
|
Cincinnati (NYP) Reds batting - Pitching for Batavia Muckdogs : RHP James Bitner
|
|
Now at C: Justin Blakely
|
|
|
Batting: RHB Cyd Carver
|
0-0: Ball 1-0: SINGLE (Groundball, 6MS, EV 67.5 MPH) (infield hit)
|
|
Batting: SHB Bryan Johnston
|
0-0: Ball 1-0: Swinging Strike 1-1: Called Strike 1-2: Strikes out swinging
|
|
Batting: RHB Klaas Meij
|
0-0: Ball 1-0: Called Strike 1-1: Called Strike 1-2: Ball 2-2: Ball 3-2: SINGLE (Groundball, P, EV 82.5 MPH) (infield hit) Cyd Carver to second
|
|
Batting: LHB David Moore
|
0-0: Ball Cyd Carver steals 3rd base 1-0: Swinging Strike 1-1: Ball 2-1: Ball 3-1: Called Strike 3-2: SINGLE (Line Drive, 89S, EV 110.6 MPH) Cyd Carver scores Klaas Meij to second Klaas Meij to third
|
|
Batting: RHB Ricky Carbajal
|
0-0: SINGLE (Groundball, 6D, EV 96.9 MPH) Klaas Meij scores David Moore to second
|
|
Batting: LHB Shigeru Ono
|
0-0: Fielders Choice at 2nd, 6-4 (Groundball, 6, EV 88.1 MPH) David Moore to third
|
|
Batting: RHB Jamie Ingram
|
0-0: Ball 1-0: SINGLE (Groundball, 6D, EV 101.9 MPH) David Moore scores Shigeru Ono to second
|
|
Pitching: RHP Gabe Behrend
|
|
|
Batting: LHB Fernando Gomez
|
0-0: Called Strike 0-1: Ball 1-1: Called Strike 1-2: Foul Ball, location: 2F 1-2: Foul Ball, location: 2F 1-2: Ball 2-2: DOUBLE (Line Drive, 78D, EV 102.5 MPH) Shigeru Ono scores Jamie Ingram to third
|
|
Batting: SHB Jason Kirby
|
0-0: Swinging Strike 0-1: Swinging Strike 0-2: Foul Ball, location: 2F 0-2: Foul Ball, location: 2F 0-2: Ball 1-2: Ball 2-2: Foul Ball, location: 2F 2-2: Foul Ball, location: 2F 2-2: Strikes out looking
|
| Top of the 4th over - 4 runs, 6 hits, 0 errors, 2 left on base; Cincinnati (NYP) 9 - Batavia 4 |
| BOTTOM OF THE 4TH |
|
Batavia Muckdogs batting - Pitching for Cincinnati (NYP) Reds : RHP Matt Johnson
|
|
Batting: RHB Jeremy Dennis
|
0-0: SOLO HOME RUN (Flyball, 7D, EV 99.4 MPH), Distance : 372 ft
|
|
Pitching: RHP Matt Knowles
|
|
|
Batting: RHB Jose Trevino
|
0-0: Ball 1-0: Called Strike 1-1: Swinging Strike 1-2: Ball 2-2: Ball 3-2: Foul Ball, location: 2F 3-2: Ground out 6-3 (Groundball, 6, EV 90.0 MPH)
|
|
Batting: RHB Calvin Morin
|
0-0: Called Strike 0-1: Foul Ball, location: 2F 0-2: Strikes out swinging
|
|
Batting: LHB David Doge
|
0-0: TRIPLE (Flyball, 78XD, EV 100.6 MPH)
|
|
Batting: LHB Justin Blakely
|
0-0: Ball 1-0: Foul Ball, location: 2F 1-1: Ball 2-1: SINGLE (Groundball, 4MD, EV 101.3 MPH) David Doge scores
|
|
Batting: RHB Len Graham
|
0-0: DOUBLE (Line Drive, 89M, EV 93.1 MPH) Justin Blakely to third Runner from 3rd tries for Home, SAFE, no throw by RF
|
|
Batting: LHB Ryan Thompson
|
0-0: Ball Wild Pitch! Len Graham to third 1-0: Ball 2-0: Swinging Strike 2-1: Ball 3-1: Foul Ball, location: 2F 3-2: DOUBLE (Flyball, 8LXD, EV 110.0 MPH) Len Graham scores
|
|
Batting: RHB Nate Crofts
|
0-0: Ground out 6-3 (Groundball, 6, EV 83.1 MPH)
|
| Bottom of the 4th over - 4 runs, 5 hits, 0 errors, 1 left on base; Cincinnati (NYP) 9 - Batavia 8 |
| TOP OF THE 5TH |
|
Cincinnati (NYP) Reds batting - Pitching for Batavia Muckdogs : RHP Gabe Behrend
|
|
Batting: RHB Cyd Carver
|
0-0: Swinging Strike 0-1: Ball 1-1: Called Strike 1-2: Ball 2-2: Strikes out swinging
|
|
Batting: SHB Bryan Johnston
|
0-0: Swinging Strike 0-1: Ball 1-1: Ground out 6-3 (Groundball, 6M, EV 80.6 MPH)
|
|
Batting: RHB Klaas Meij
|
0-0: Fly out, F9 (Flyball, 9LM, EV 86.3 MPH)
|
| Top of the 5th over - 0 runs, 0 hits, 0 errors, 0 left on base; Cincinnati (NYP) 9 - Batavia 8 |
| BOTTOM OF THE 5TH |
|
Batavia Muckdogs batting - Pitching for Cincinnati (NYP) Reds : RHP Matt Knowles
|
|
Pitching: RHP Jesus Gallegos
|
|
|
Batting: RHB Hiromitsu Yamada
|
0-0: SINGLE (Groundball, 6MD, EV 96.3 MPH)
|
|
Batting: RHB Jeremy Dennis
|
0-0: Called Strike Hiromitsu Yamada steals 2nd base 0-1: Called Strike 0-2: Ball 1-2: Hit by Pitch
|
|
Batting: RHB Jose Trevino
|
0-0: Ball 1-0: Fly out, F1 (Line Drive, P, EV 71.3 MPH)
|
|
Batting: RHB Calvin Morin
|
0-0: Ball 1-0: Called Strike 1-1: DOUBLE (Groundball, 3L, EV 104.4 MPH) Hiromitsu Yamada scores Jeremy Dennis to third
|
|
Batting: LHB David Doge
|
0-0: Ground out 4-3 (Groundball, 4, EV 85.0 MPH) Jeremy Dennis scores Calvin Morin to third
|
|
Batting: LHB Justin Blakely
|
0-0: SINGLE (Line Drive, 8RS, EV 105.6 MPH) Calvin Morin scores
|
|
Batting: RHB Len Graham
|
0-0: Foul Ball, location: 2F 0-1: Ball 1-1: Ball Passed Ball! Justin Blakely to second 2-1: SINGLE (Groundball, 56, EV 84.4 MPH) (infield hit) Justin Blakely to third
|
|
Batting: LHB Ryan Thompson
|
0-0: Ball 1-0: Foul Ball, location: 2F 1-1: Ball Len Graham steals 2nd base 2-1: Foul Ball, location: 2F 2-2: Ball Wild Pitch! Justin Blakely scores Len Graham to third 3-2: Base on Balls
|
|
Pitching: RHP Tim Sanches
|
|
|
Batting: RHB Nate Crofts
|
0-0: Ball 1-0: Called Strike 1-1: Foul Ball, location: 2F 1-2: Strikes out looking
|
| Bottom of the 5th over - 4 runs, 4 hits, 0 errors, 2 left on base; Cincinnati (NYP) 9 - Batavia 12 |
| TOP OF THE 6TH |
|
Cincinnati (NYP) Reds batting - Pitching for Batavia Muckdogs : RHP Gabe Behrend
|
|
Batting: LHB David Moore
|
0-0: Swinging Strike 0-1: SINGLE (Groundball, 34D, EV 110.6 MPH)
|
|
Batting: RHB Ricky Carbajal
|
0-0: SINGLE (Groundball, 6, EV 99.4 MPH) David Moore to second
|
|
Batting: LHB Shigeru Ono
|
0-0: Fielders Choice at 2nd, 4-6 (Groundball, 4, EV 79.4 MPH) David Moore to third
|
|
Batting: RHB Jamie Ingram
|
0-0: Called Strike 0-1: Called Strike 0-2: Ball 1-2: SINGLE (Groundball, 4D, EV 105.0 MPH) David Moore scores Shigeru Ono to second
|
|
Batting: LHB Fernando Gomez
|
0-0: Ball 1-0: Called Strike 1-1: Ball 2-1: Foul Ball, location: 2F 2-2: Foul Ball, location: 2F 2-2: Foul Ball, location: 2F 2-2: Foul Ball, location: 2F 2-2: Foul Ball, location: 2F 2-2: Strikes out looking
|
|
Batting: SHB Jason Kirby
|
0-0: Ball 1-0: Foul Ball, location: 2F 1-1: Swinging Strike 1-2: DOUBLE (Line Drive, 8RXD, EV 105.6 MPH) Shigeru Ono scores Jamie Ingram to third Runner from 3rd tries for Home, SAFE, throw by CF to home
|
|
Batting: RHB Cyd Carver
|
0-0: Ball 1-0: Swinging Strike 1-1: Swinging Strike 1-2: Ball 2-2: Foul Ball, location: 2F 2-2: Strikes out swinging
|
| Top of the 6th over - 3 runs, 4 hits, 0 errors, 1 left on base; Cincinnati (NYP) 12 - Batavia 12 |
| BOTTOM OF THE 6TH |
|
Batavia Muckdogs batting - Pitching for Cincinnati (NYP) Reds : RHP Tim Sanches
|
|
Batting: RHB Hiromitsu Yamada
|
0-0: Foul Ball, location: 2F 0-1: Swinging Strike 0-2: Ball 1-2: Strikes out looking
|
|
Batting: RHB Jeremy Dennis
|
0-0: Fly out, F8 (Flyball, 8LS, EV 71.9 MPH)
|
|
Batting: RHB Jose Trevino
|
0-0: Ball 1-0: Ball 2-0: Ball 3-0: Called Strike 3-1: Base on Balls
|
|
Batting: RHB Calvin Morin
|
0-0: Ball 1-0: Ball 2-0: Ball 3-0: Called Strike 3-1: Base on Balls Jose Trevino to second
|
|
Batting: LHB David Doge
|
0-0: Swinging Strike 0-1: Ball 1-1: Ground out U3 (Groundball, 34, EV 85.6 MPH)
|
| Bottom of the 6th over - 0 runs, 0 hits, 0 errors, 2 left on base; Cincinnati (NYP) 12 - Batavia 12 |
| TOP OF THE 7TH |
|
Cincinnati (NYP) Reds batting - Pitching for Batavia Muckdogs : RHP Gabe Behrend
|
|
Batting: SHB Bryan Johnston
|
0-0: Called Strike 0-1: SINGLE (Groundball, 34S, EV 68.8 MPH) (infield hit)
|
|
Batting: RHB Klaas Meij
|
0-0: Ball 1-0: Swinging Strike Bryan Johnston steals 2nd base 1-1: Called Strike Bryan Johnston steals 3rd base 1-2: Foul Ball, location: 2F 1-2: Hit by Pitch
|
|
Batting: LHB David Moore
|
0-0: Ball 1-0: Ball 2-0: Called Strike 2-1: Foul Ball, location: 2F 2-2: Ball 3-2: SINGLE (Groundball, 6, EV 106.9 MPH) (infield hit) Bryan Johnston scores Klaas Meij to second
|
|
Batting: RHB Ricky Carbajal
|
0-0: DOUBLE (Line Drive, 89XD, EV 105.6 MPH) Klaas Meij scores David Moore to third
|
|
Batting: LHB Shigeru Ono
|
0-0: SINGLE (Groundball, 6, EV 86.9 MPH) (infield hit) David Moore scores Ricky Carbajal to third
|
|
Batting: RHB Jamie Ingram
|
0-0: Called Strike 0-1: Foul Ball, location: 2F 0-2: Ball 1-2: Grounds into double play, 5-4-3 (Groundball, 56S, EV 83.1 MPH) Ricky Carbajal scores
|
|
Batting: LHB Fernando Gomez
|
0-0: Swinging Strike 0-1: Swinging Strike 0-2: Strikes out swinging
|
| Top of the 7th over - 4 runs, 4 hits, 0 errors, 0 left on base; Cincinnati (NYP) 16 - Batavia 12 |
| BOTTOM OF THE 7TH |
|
Batavia Muckdogs batting - Pitching for Cincinnati (NYP) Reds : RHP Tim Sanches
|
|
Batting: LHB Justin Blakely
|
0-0: Ground out 4-3 (Groundball, 4, EV 100.6 MPH)
|
|
Batting: RHB Len Graham
|
0-0: Ball 1-0: Called Strike 1-1: Ball 2-1: Swinging Strike 2-2: Foul Ball, location: 2F 2-2: Strikes out swinging
|
|
Batting: LHB Ryan Thompson
|
0-0: Ball 1-0: Swinging Strike 1-1: Foul Ball, location: 2F 1-2: Strikes out swinging
|
| Bottom of the 7th over - 0 runs, 0 hits, 0 errors, 0 left on base; Cincinnati (NYP) 16 - Batavia 12 |
| TOP OF THE 8TH |
|
Cincinnati (NYP) Reds batting - Pitching for Batavia Muckdogs : RHP Gabe Behrend
|
|
Batting: SHB Jason Kirby
|
0-0: Called Strike 0-1: Ball 1-1: Swinging Strike 1-2: Strikes out swinging
|
|
Batting: RHB Cyd Carver
|
0-0: Ground out 1-3 (Groundball, 15S, EV 70.6 MPH)
|
|
Batting: SHB Bryan Johnston
|
0-0: Ball 1-0: Fly out, F8 (Flyball, 8RXD, EV 93.8 MPH)
|
| Top of the 8th over - 0 runs, 0 hits, 0 errors, 0 left on base; Cincinnati (NYP) 16 - Batavia 12 |
| BOTTOM OF THE 8TH |
|
Batavia Muckdogs batting - Pitching for Cincinnati (NYP) Reds : RHP Tim Sanches
|
|
Pitching: RHP Markus Bevan
|
|
|
Batting: RHB Nate Crofts
|
0-0: Ball 1-0: Ball 2-0: Ball 3-0: SINGLE (Groundball, 4D, EV 94.4 MPH)
|
|
Batting: RHB Hiromitsu Yamada
|
0-0: Ball 1-0: Foul Ball, location: 2F 1-1: Swinging Strike 1-2: Foul Ball, location: 2F 1-2: Strikes out swinging
|
|
Batting: RHB Jeremy Dennis
|
0-0: Ball 1-0: Ball Wild Pitch! Nate Crofts to second 2-0: Ball 3-0: Swinging Strike 3-1: Called Strike 3-2: Foul Ball, location: 2F 3-2: Foul Ball, location: 2F 3-2: Strikes out swinging
|
|
Batting: RHB Jose Trevino
|
0-0: Ball 1-0: Foul Ball, location: 2F 1-1: Ball 2-1: SINGLE (Groundball, 6MD, EV 95.0 MPH) Nate Crofts to third Runner from 3rd tries for Home, SAFE, throw by CF to home
|
|
Batting: RHB Calvin Morin
|
0-0: Foul Ball, location: 2F 0-1: Foul Ball, location: 2F 0-2: SINGLE (Groundball, 6MD, EV 102.5 MPH) Jose Trevino to second Throwing error, E8 Jose Trevino scores Calvin Morin to second
|
|
Batting: LHB David Doge
|
0-0: Swinging Strike 0-1: Foul Ball, location: 2F 0-2: Strikes out swinging
|
| Bottom of the 8th over - 2 runs, 3 hits, 1 error, 1 left on base; Cincinnati (NYP) 16 - Batavia 14 |
| TOP OF THE 9TH |
|
Cincinnati (NYP) Reds batting - Pitching for Batavia Muckdogs : RHP Gabe Behrend
|
|
Batting: RHB Klaas Meij
|
0-0: Reached on error, E6 (Groundball, 56, EV 85.0 MPH)
|
|
Batting: LHB David Moore
|
0-0: Ball 1-0: Ball 2-0: Foul Ball, location: 2F 2-1: Foul Ball, location: 2F 2-2: Foul Ball, location: 2F 2-2: Fly out, F9 (Flyball, 89D, EV 102.5 MPH)
|
|
Batting: RHB Ricky Carbajal
|
0-0: Ball Klaas Meij is caught stealing 2nd base 2-4 1-0: Called Strike 1-1: Ball 2-1: Foul Ball, location: 2F 2-2: Ground out 5-3 (Groundball, 56S, EV 65.0 MPH)
|
| Top of the 9th over - 0 runs, 0 hits, 1 error, 0 left on base; Cincinnati (NYP) 16 - Batavia 14 |
| BOTTOM OF THE 9TH |
|
Batavia Muckdogs batting - Pitching for Cincinnati (NYP) Reds : RHP Markus Bevan
|
|
Pitching: LHP Jin Zhui
|
|
|
Now at 2B: Danny Pontius
|
|
|
Now at 3B: Fernando Gomez
|
|
|
Batting: LHB Justin Blakely
|
0-0: Called Strike 0-1: Ball 1-1: SINGLE (Line Drive, 89S, EV 99.4 MPH)
|
|
Batting: RHB Len Graham
|
0-0: Ball 1-0: Foul Ball, location: 2F 1-1: Fielders Choice at 2nd, 1-4 (Groundball, P, EV 75.0 MPH)
|
|
Batting: LHB Ryan Thompson
|
0-0: Called Strike 0-1: Swinging Strike 0-2: Ball 1-2: Fielders Choice at 2nd, 6-4 (Groundball, 6, EV 85.0 MPH)
|
|
Batting: RHB Nate Crofts
|
0-0: Ball 1-0: Called Strike 1-1: Swinging Strike 1-2: Foul Ball, location: 2F 1-2: Strikes out looking
|
| Bottom of the 9th over - 0 runs, 1 hit, 0 errors, 1 left on base; Cincinnati (NYP) 16 - Batavia 14 |
|